 Dungeon Crawl Stone Soup version 0.24-a0-580-g6a6c3f83c1 (webtiles) character file.

Game seed: 6313674979561369058

323564 1994 the Warrior (level 20, -19/194 (195) HPs)
             Began as a Minotaur Gladiator on Aug 21, 2019.
             Was the Champion of Okawaru.
             Killed from afar by a fire dragon (26 damage)
             ... with a blast of flame
             ... on level 3 of the Vaults.
             The game lasted 02:43:43 (48165 turns).

1994 the Warrior (Minotaur Gladiator)              Turns: 48165, Time: 02:43:44

HP:   -19/194 (195) AC: 32    Str: 31    XL:     20   Next: 69%
MP:   26/26         EV: 20    Int: 16    God:    Okawaru [******]
Gold: 2219          SH:  0    Dex: 16    Spells: 18/29 levels left

rFire    . . .     SeeInvis .   a - +10 great sword of Jycookk {drain, *Noise rPois rC++ Dex+4}
rCold    + + .     Gourm    .   (shield currently unavailable)
rNeg     + + .     Faith    +   j - +2 plate armour {MR+}
rPois    +         Spirit   .   V - +1 hat of Distant Worlds {rElec rCorr Int+2}
rElec    +         Reflect  .   T - +1 cloak {MR+}
rCorr    +         Harm     .   t - +1 pair of gloves {archery}
MR       ++++.                  A - +2 pair of boots of Gluttony {rN+ MR+}
Stlth    ..........             B - amulet "Cysac" {Faith rN+ Str+9 Int+3 Stlth-}
HPRegen  0.42/turn              g - +3 ring of protection
MPRegen  0.20/turn              h - +5 ring of slaying

@: glowing, studying Fighting, silenced
A: retaliatory headbutt, horns 2
}: 2/15 runes: decaying, serpentine
a: Renounce Religion


You were on level 3 of the Vaults.
You worshipped Okawaru.
Okawaru was exalted by your worship.
You were hungry.

You visited 8 branches of the dungeon, and saw 38 of its levels.
You also visited: Gauntlet.

You collected 4528 gold pieces.
You spent 2309 gold pieces at shops.

Inventory:

Hand Weapons
 a - the +10 great sword of Jycookk (weapon) {drain, *Noise rPois rC++ Dex+4}
   (Okawaru gifted it to you on level 1 of the Snake Pit)

   A truly terrible weapon, it drains the life of those it strikes.
   It affects your dexterity (+4).
   It greatly protects you from cold.
   It protects you from poison.
   It may make noises in combat.
 b - a +3 scimitar of flaming
 c - the +9 demon blade of Duty {speed, +Rage Str+4 Dex-2}
   (Okawaru gifted it to you on level 9 of the Dungeon)

   Attacks with this weapon are significantly faster.
   It affects your strength (+4).
   It affects your dexterity (-2).
   It lets you go berserk.
Missiles
 d - 5 throwing nets (quivered)
 p - 26 atropa-tipped darts
 u - 71 silver javelins
 G - 5 boomerangs
 X - 17 curare-tipped darts
Armour
 j - a +2 plate armour of magic resistance (worn)
 t - a +1 pair of gloves of archery (worn)
 A - the +2 pair of boots of Gluttony (worn) {rN+ MR+}
   (Okawaru gifted it to you on level 2 of the Elven Halls)

   It protects you from negative energy.
   It affects your resistance to hostile enchantments.
 T - a +1 cloak of magic resistance (worn)
 V - the +1 hat of Distant Worlds (worn) {rElec rCorr Int+2}
   (Okawaru gifted it to you on level 3 of the Elven Halls)

   It affects your intelligence (+2).
   It insulates you from electricity.
   It provides partial protection from all sources of acid and corrosion.
Jewellery
 g - a +3 ring of protection (left hand)
 h - a +5 ring of slaying (right hand)
 x - an uncursed ring of protection from fire
 B - the amulet "Cysac" (around neck) {Faith rN+ Str+9 Int+3 Stlth-}
   (You found it on level 4 of the Dungeon)

   [amulet of faith]

   It allows you to gain divine favour quickly.
   It affects your strength (+9).
   It affects your intelligence (+3).
   It protects you from negative energy.
   It makes you less stealthy.
 M - a +6 ring of intelligence
 P - an uncursed ring of see invisible
 U - an uncursed ring of resist corrosion
Wands
 l - a wand of iceblast (7)
 J - a wand of acid (47)
 Q - a wand of digging (6)
 R - a wand of paralysis (10)
Scrolls
 e - 19 scrolls of remove curse
 o - a scroll of silence
 q - 6 scrolls of fear
 y - 7 scrolls of magic mapping
 H - 7 scrolls of identify
 N - 19 scrolls of teleportation
 W - 4 scrolls of blinking
 Y - 2 scrolls of fog
 Z - 4 scrolls of immolation
Potions
 i - 7 potions of mutation
 k - 5 potions of invisibility
 m - a potion of cancellation
 n - 6 potions of resistance
 s - 3 potions of agility
 w - a potion of magic
 z - 13 potions of curing
 D - 9 potions of haste
 E - 7 potions of flight
 F - 6 potions of brilliance
 I - 5 potions of might
 K - 10 potions of lignification
 O - 7 potions of berserk rage
 S - 9 potions of heal wounds
Books
 v - a manual of Fighting
Miscellaneous
 r - 2 phantom mirrors
 L - a box of beasts
Comestibles
 f - 60 rations


   Skills:
 * Level 20.8 Fighting
 - Level 20.0 Long Blades
 - Level 8.3 Throwing
 + Level 16.1 Armour
 + Level 17.5 Dodging
 - Level 5.0 Spellcasting
 * Level 3.8 Hexes
 + Level 5.6 Charms
 + Level 5.6 Necromancy
 * Level 8.3 Translocations
 - Level 8.0 Invocations


You had 18 spell levels left.
You knew the following spells:

 Your Spells              Type           Power        Failure   Level  Hunger
a - Apportation           Tloc           ####..       2%          1    None
b - Summon Butterflies    Summ           #.......     58%         1    None
c - Lesser Beckoning      Tloc           ####......   7%          3    ###....
d - Regeneration          Chrm/Necr      ###.......   22%         3    ###....
e - Spectral Weapon       Hex/Chrm       ###.....     32%         3    ###....

Your spell library contained the following spells:

 Spells                   Type           Power        Failure   Level  Hunger
 Shroud of Golubria       Chrm/Tloc      ####..       6%          2    #......
 Gell's Gravitas          Tloc           ####......   7%          3    ###....
 Infusion                 Chrm           ###.         8%          1    None
 Corpse Rot               Necr           N/A          11%         2    #......
 Song of Slaying          Chrm           ###.....     11%         2    #......
 Sublimation of Blood     Necr           ###.......   11%         2    #......
 Corona                   Hex            ###....      16%         1    None
 Portal Projectile        Hex/Tloc       ###...       19%         3    ###....
 Slow                     Hex            ###.....     24%         2    #......
 Confuse                  Hex            ###.....     43%         3    ###....
 Tukima's Dance           Hex            ###.....     43%         3    ###....
 Ensorcelled Hibernation  Hex/Ice        ##....       45%         2    #......
 Ozocubu's Armour         Chrm/Ice       ##......     56%         3    ###....
 Flame Tongue             Conj/Fire      #....        58%         1    None
 Freeze                   Ice            #...         58%         1    None
 Summon Small Mammal      Summ           #...         58%         1    None
 Dazzling Spray           Conj/Hex       ##....       71%         3    ###....
 Inner Flame              Hex/Fire       ##......     71%         3    ###....
 Summon Guardian Golem    Hex/Summ       ##......     71%         3    ###....
 Call Imp                 Summ           #.......     73%         2    #......
 Throw Flame              Conj/Fire      #.....       73%         2    #......
 Throw Frost              Conj/Ice       #.....       73%         2    #......
 Force Lance              Conj/Tloc      ###.....     78%         4    ####...
 Cause Fear               Hex            ###.......   83%         4    ####...
 Agony                    Necr           ###.....     89%         5    ######.
 Dispel Undead            Necr           ###.....     89%         5    ######.
 Excruciating Wounds      Chrm/Necr      ###.......   90%         5    ######.
 Call Canine Familiar     Summ           #.......     91%         3    ###....
 Conjure Flame            Conj/Fire      #.......     91%         3    ###....
 Stone Arrow              Conj/Erth      #.....       91%         3    ###....
 Leda's Liquefaction      Hex/Erth       ##........   98%         4    ####...
 Summon Forest            Summ/Tloc      ###.......   98%         5    ######.
 Dispersal                Tloc           ####......   98%         6    #######
 Bolt of Draining         Conj/Necr      ##........   99%         5    ######.
 Sticky Flame             Conj/Fire      #.......     100%        4    ####...
 Summon Ice Beast         Ice/Summ       #.......     100%        4    ####...
 Summon Lightning Spire   Summ/Air       #.......     100%        4    ####...
 Throw Icicle             Conj/Ice       #.......     100%        4    ####...
 Alistair's Intoxication  Tmut/Pois      #.......     100%        5    ######.
 Bolt of Magma            Conj/Fire/Erth #.........   100%        5    ######.
 Fireball                 Conj/Fire      #.........   100%        5    ######.
 Irradiate                Conj/Tmut      #.........   100%        5    ######.
 Iskenderun's Battlesphe  Conj/Chrm      ##......     100%        5    ######.
 Silence                  Hex/Air        ##........   100%        5    ######.
 Venom Bolt               Conj/Pois      #.........   100%        5    ######.
 Conjure Ball Lightning   Conj/Air       #.........   100%        6    #######
 Deflect Missiles         Chrm/Air       ##........   100%        6    #######
 Hydra Form               Tmut           #.........   100%        6    #######
 Invisibility             Hex            ###.....     100%        6    #######
 Iron Shot                Conj/Erth      #.........   100%        6    #######
 Statue Form              Tmut/Erth      #........    100%        6    #######
 Dragon Form              Tmut           #.........   100%        7    #######
 Malign Gateway           Summ/Tloc      ###.......   100%        7    #######
 Monstrous Menagerie      Summ           #.........   100%        7    #######
 Orb of Destruction       Conj           #.........   100%        7    #######
 Spellforged Servitor     Conj/Summ      #.........   100%        7    #######
 Summon Greater Demon     Summ           #.........   100%        7    #######
 Summon Hydra             Summ           #.........   100%        7    #######
 Controlled Blink         Tloc           N/A          100%        8    #######
 Disjunction              Tloc           ####......   100%        8    #######
 Summon Horrible Things   Summ           #.........   100%        8    #######
 Tornado                  Air            #.........   100%        9    #######


Dungeon Overview and Level Annotations

Branches:
Dungeon (15/15)            Temple (1/1) D:6            Lair (6/6) D:8
  Swamp (4/4) Lair:2        Snake (4/4) Lair:3        Slime (0/5) Lair:6
    Orc (2/2) D:10            Elf (3/3) Orc:2        Vaults (3/5) D:14
  Crypt (0/3) Vaults:2     Depths (0/5) D:15        Gauntlet (visited)

Altars:
Ashenzari
Cheibriados
Dithmenos
Elyvilon
Fedhas
Gozag
Hepliaklqana
Kikubaaqudgha
Makhleb
Nemelex Xobeh
Okawaru
Qazlal
Ru
Sif Muna
Trog
Uskayaw
Vehumet
Wu Jian
Xom
Yredelemnul
Zin
The Shining One

Shops:
D:14 [   Orc:1 (:   Orc:2 :[!%   Elf:2 [   Snake:3 :*   Snake:4 !   Vaults:3 [

Portals:
Pandemonium: Orc:2
Trove: D:14 (give 8 scrolls of blinking)

Annotations:
Elf:2 2 runed translucent doors
Elf:3 exclusion: deep elf mage
Vaults:3 Mennas


Innate Abilities, Weirdness & Mutations

You reflexively headbutt those who attack you in melee.
You have a pair of horns on your head.


Message History

Unknown command.
Unknown command.
You slice Mennas!!
Mennas is severely wounded.
Mennas completely misses you. Mennas hits you but does no damage.
The fire dragon bites you.
* * * LOW HITPOINT WARNING * * *
The fire dragon claws you but does no damage.
The fire dragon tramples you but does no damage.
Unknown command.
Unknown command.
Mennas blocks your attack.
Mennas is severely wounded.
The orc knight hits you but does no damage.
Mennas hits you with a +5 eudemon blade of holy wrath!!
* * * LOW HITPOINT WARNING * * *
Mennas completely misses you. The fire dragon breathes flames at you.
The blast of flame hits you!!
You die...

##..°..####.............#.......#
##...###...............#########
##### .........................
..........)..............
.........................
.............(...........
#......o................
#.....oo################
#....oA@# #.....D.# #.......#
#.......# #.......# #.).....#
........# ........#


You could see Mennas, a fire dragon, an orc knight, 2 orc warriors and an orc.

Vanquished Creatures
  Sojobo (Vaults:3)
  Vashnia (Snake:3)
  Jory (Vaults:3)
  Rupert (Lair:3)
  3 deep elf blademasters (Elf:3)
  2 deep elf master archers (Elf:3)
  Kirke (Swamp:3)
  A tengu reaver (Vaults:3)
  Roxanne (Swamp:4)
  7 nagarajas
  7 vault wardens
  An azure jelly (Swamp:4)
  6 deep elf sorcerers
  An emperor scorpion (D:15)
  9 deep elf elementalists (Elf:3)
  6 ironheart preservers
  Aizul (Snake:4)
  A very ugly thing (Swamp:4)
  2 stone giants (Vaults:2)
  A ghoul (Vaults:1)
  4 deep elf demonologists
  Nessos (Lair:4)
  3 deep elf annihilators (Elf:3)
  2 dire elephants
  A minotaur (Gauntlet)
  Snorg (D:11)
  3 deep elf death magi
  5 yaktaur captains
  2 fire dragons (Vaults:1)
  A great orb of eyes (Vaults:1)
  8 ogre magi
  3 rakshasas
  A deep elf high priest (Elf:3)
  Erolcha (Orc:1)
  A ghost crab (Swamp:3)
  5 ice dragons
  A shambling mangrove (Swamp:1)
  6 vault guards
  12 hydras
  13 naga warriors
  2 catoblepae
  31 two-headed ogres
  12 alligators
  6 anacondas
  9 centaur warriors
  The ghost of Thantalas the Fighter, a novice DrFi of Ru (D:9)
  12 dancing weapons
  Erica (Lair:1)
  4 death knights
  4 death yaks (Lair:6)
  A deep troll shaman (Lair:6)
  Urug (D:11)
  6 orc high priests (Orc:2)
  16 deep elf knights
  20 naga sharpshooters
  11 shock serpents
  2 shadow wraiths
  Sonja (D:13)
  A sixfirhy (Orc:2)
  3 unseen horrors (Vaults:1)
  A skeletal warrior (Vaults:1)
  7 deep trolls
  A flayed ghost (Vaults:1)
  A salamander mystic (Snake:4)
  4 naga ritualists (Snake:4)
  A gelid demonspawn (Orc:2)
  3 swamp dragons
  A wizard (Vaults:1)
  A glowing orange brain (Vaults:1)
  A harpy (shapeshifter) (Vaults:1)
  An infernal demonspawn (Orc:2)
  A torturous demonspawn (Orc:2)
  19 deep elf archers
  A wolf spider zombie (D:12)
  A phantasmal warrior (Vaults:1)
  A necromancer (Vaults:2)
  11 orc knights
  4 ironbrand convokers
  4 manticores
  4 harpies (Vaults:1)
  10 mana vipers
  65 deep elf magi
  2 wolf spiders (Vaults:1)
  9 cyclopes
  An oklob plant (Snake:4)
  6 salamanders
  8 orc sorcerers
  A fire giant zombie (Vaults:2)
  25 ugly things
  A manticore (shapeshifter) (Elf:3)
  A faun (shapeshifter) (Vaults:2)
  3 guardian serpents
  8 elephants (Lair:6)
  3 centaur zombies
  Maurice (D:13)
  A rust devil (Orc:2)
  A water nymph (shapeshifter) (Vaults:1)
  A torpor snail (Lair:6)
  14 black mambas
  17 naga magi
  6 vault sentinels
  14 spiny frogs
  A centaur skeleton (D:14)
  2 kobold demonologists (D:15)
  A komodo dragon (shapeshifter) (Vaults:3)
  9 freezing wraiths
  8 komodo dragons
  An efreet (D:13)
  16 yaktaurs
  A tengu conjurer (D:13)
  A hellwing (Orc:2)
  An ice devil (Orc:2)
  8 hornets
  3 meliai (Lair:5)
  11 tyrant leeches
  2 trolls
  A polar bear (shapeshifter) (Vaults:3)
  A queen bee (Lair:5)
  2 polar bears (Lair:6)
  19 blink frogs
  15 hippogriffs
  6 bog bodies
  A raiju (Gauntlet)
  19 slime creatures
  A fire giant simulacrum (Vaults:2)
  A frost giant simulacrum (Vaults:3)
  A human simulacrum (Vaults:2)
  6 flying skulls (Gauntlet)
  2 shadows
  A spriggan (Swamp:3)
  A ynoxinul (Orc:2)
  8 redbacks (Elf:2)
  2 air elementals
  3 hogs
  4 humans
  3 water elementals
  4 wraiths
  43 yaks
  2 fire elementals
  A hog (shapeshifter) (D:12)
  A chaos spawn (Gauntlet)
  5 basilisks
  2 hungry ghosts
  2 steam dragons (Gauntlet)
  15 vampire mosquitoes
  7 swamp worm simulacra (Swamp:4)
  2 neqoxecs
  3 wargs
  4 insubstantial wisps (Swamp:4)
  12 swamp worms
  An acid dragon (Vaults:2)
  29 nagas
  19 water moccasins
  7 porcupines
  12 hydra simulacra (Swamp:4)
  3 ice beasts
  30 orc warriors
  5 swamp drakes
  3 black bears
  5 sky beasts
  13 ogres
  A black bear (shapeshifter) (Vaults:2)
  2 eyes of draining
  3 phantoms
  21 wolves
  2 boggarts (Vaults:1)
  7 crocodiles
  25 centaurs
  A human skeleton (Vaults:2)
  17 bullfrogs
  3 big kobolds
  A gnoll sergeant (D:11)
  A glowing shapeshifter simulacrum (Vaults:2)
  5 earth elementals
  A spiny frog simulacrum (Gauntlet)
  A wyvern skeleton (D:3)
  A hornet simulacrum (D:9)
  6 scorpions
  32 killer bees
  8 wights
  A spectral bullfrog (D:9)
  7 crimson imps
  A bullfrog zombie (D:9)
  2 quasits
  6 hounds
  27 orc priests
  7 bullfrog skeletons
  2 jellies
  Jessica (D:2)
  7 iguanas
  25 orc wizards
  14 worker ants
  2 bullfrog simulacra
  2 centaur simulacra (Gauntlet)
  A hound zombie (D:5)
  2 hound skeletons
  A worker ant zombie (D:4)
  16 gnolls
  16 adders
  7 shadow imps
  A swamp drake simulacrum (Swamp:4)
  2 adder zombies
  An adder skeleton (D:5)
  2 worms (D:2)
  4 dart slugs
  4 leopard geckos
  74 orcs
  4 ball pythons
  6 giant cockroaches
  2 goblins (D:5)
  6 hobgoblins
  9 jackals
  3 quokkas
  5 bats
  4 frilled lizards
  25 kobolds
  A leopard gecko zombie (D:5)
  A quokka skeleton (D:4)
  4 rats
  A fungus (D:5)
  2 plants
1376 creatures vanquished.

Vanquished Creatures (others)
  A tengu reaver (Vaults:3)
  A deep elf knight (Elf:1)
  6 slime creatures (Swamp:4)
  A boggart (Vaults:1)
  A spectral bullfrog (D:9)
  A kobold (D:13)
  5 demonic plants (Gauntlet)
  2 plants (Lair:6)
  2 spectral weapons (Vaults:3)
20 creatures vanquished.

Grand Total: 1396 creatures vanquished

Notes
Turn   | Place    | Note
-------+----------+-------------------------------------------
     0 | D:1      | 1994 the Minotaur Gladiator began the quest for the Orb.
     0 | D:1      | Reached XP level 1. HP: 18/18 MP: 0/0
   248 | D:1      | Reached XP level 2. HP: 25/25 MP: 1/1
   946 | D:2      | Reached XP level 3. HP: 31/31 MP: 2/2
  1044 | D:2      | Noticed Jessica
  1057 | D:2      | Killed Jessica
  1261 | D:2      | Reached XP level 4. HP: 38/38 MP: 3/3
  1302 | D:2      | Reached skill level 5 in Long Blades
  1427 | D:3      | Found an ancient bone altar of Kikubaaqudgha.
  1454 | D:2      | Reached skill level 1 in Armour
  1718 | D:2      | Reached XP level 5. HP: 26/46 MP: 4/4
  2610 | D:3      | Reached XP level 6. HP: 23/52 MP: 5/5
  3108 | D:3      | Found a basalt altar of Yredelemnul.
  3507 | D:3      | Reached skill level 5 in Dodging
  3507 | D:3      | Reached XP level 7. HP: 48/60 MP: 6/6
  3703 | D:4      | Reached skill level 5 in Fighting
  3725 | D:4      | Found a glowing silver altar of Zin.
  3973 | D:4      | You fall into a shaft and drop 2 floors!
  4040 | D:6      | Reached XP level 8. HP: 70/70 MP: 7/7
  4111 | D:6      | Found a staircase to the Ecumenical Temple.
  4119 | Temple   | Entered the Ecumenical Temple
  4128 | Temple   | Became a worshipper of Warmaster Okawaru
  4158 | D:5      | Entered Level 5 of the Dungeon
  4318 | D:4      | Got a transparent emerald amulet
  4466 | D:4      | Identified the amulet "Cysac" {Faith rN+ Str+9 Int+3
                  | Stlth-} (You found it on level 4 of the Dungeon)
  4539 | D:5      | Found a blossoming altar of Fedhas.
  4587 | D:5      | Found an iron altar of Okawaru.
  4690 | D:5      | Found a sacrificial altar of Ru.
  5316 | D:6      | Reached skill level 5 in Armour
  5318 | D:6      | Reached * piety under Okawaru
  5531 | D:6      | Found an ancient bone altar of Kikubaaqudgha.
  5964 | D:7      | Found a burning altar of Makhleb.
  6084 | D:7      | Reached skill level 1 in Invocations
  6226 | D:7      | Noticed a hippogriff
  6236 | D:7      | Killed a hippogriff
  6236 | D:7      | Reached XP level 9. HP: 61/78 MP: 7/9
  6461 | D:7      | Reached ** piety under Okawaru
  6596 | D:8      | Reached skill level 10 in Long Blades
  6768 | D:8      | Reached *** piety under Okawaru
  6770 | D:8      | Noticed a two-headed ogre
  6787 | D:8      | Killed a two-headed ogre
  6787 | D:8      | Received a gift from Okawaru
  6796 | D:8      | Reached **** piety under Okawaru
  6927 | D:8      | Reached XP level 10. HP: 88/88 MP: 10/10
  7051 | D:8      | Received a gift from Okawaru
  7073 | D:8      | Found an opulent altar of Gozag.
  7145 | D:8      | Found a staircase to the Lair.
  7541 | D:9      | Received a gift from Okawaru
  7882 | D:9      | Noticed a deep elf mage
  7890 | D:9      | Killed a deep elf mage
  7890 | D:9      | Reached ***** piety under Okawaru
  7946 | D:9      | Found a runed translucent gate.
  7946 | D:9      | Found a runed translucent gate.
  7946 | D:9      | Found a runed translucent gate.
  7946 | D:9      | Noticed Thantalas's ghost (novice DrFi)
  8034 | D:10     | Entered Level 10 of the Dungeon
  8042 | D:10     | Noticed a purple ugly thing
  8057 | D:10     | Killed a purple ugly thing
  8290 | D:10     | Found a staircase to the Orcish Mines.
  8514 | D:9      | Reached XP level 11. HP: 89/97 MP: 11/11
  8520 | D:9      | Received a gift from Okawaru
  8525 | D:9      | Got a twisted demon blade {god gift}
  8527 | D:9      | Identified the +9 demon blade of Duty {speed, +Rage Str+4
                  | Dex-2} (Okawaru gifted it to you on level 9 of the Dungeon)
  9081 | D:10     | Noticed a two-headed ogre
  9087 | D:10     | Killed a two-headed ogre
  9506 | D:11     | Noticed an eight-headed hydra
  9613 | D:11     | Reached ****** piety under Okawaru
  9753 | D:11     | Noticed Snorg
  9758 | D:11     | Killed Snorg
  9758 | D:11     | Received a gift from Okawaru
  9758 | D:11     | Reached skill level 10 in Fighting
  9766 | D:11     | Got a transparent triple sword {god gift}
  9767 | D:11     | Identified the +4 triple sword of Viubunt {vamp, rF- MR+
                  | Dex+2} (Okawaru gifted it to you on level 11 of the
                  | Dungeon)
 10041 | D:11     | Killed an eight-headed hydra
 10045 | D:11     | Noticed Urug
 10286 | D:11     | Killed Urug
 10494 | D:12     | Reached skill level 10 in Dodging
 10598 | D:12     | Reached XP level 12. HP: 107/107 MP: 14/14
 10680 | D:12     | Reached skill level 10 in Armour
 10728 | D:12     | Received a gift from Okawaru
 10734 | D:12     | Got a bloodstained triple sword {god gift}
 10735 | D:12     | Identified the +10 triple sword of the Visionary {slice,
                  | +Fly rF- Dex+7} (Okawaru gifted it to you on level 12 of
                  | the Dungeon)
 10739 | D:12     | Reached skill level 5 in Invocations
 11395 | Orc:1    | Entered Level 1 of the Orcish Mines
 11395 | Orc:1    | Found Zaviy's Book Boutique.
 11470 | Orc:1    | Found a bloodstained altar of Trog.
 11698 | Orc:1    | Found Zapae's Antique Weapon Shop.
 11852 | Orc:2    | Entered Level 2 of the Orcish Mines
 11853 | Orc:2    | Found a staircase to the Elven Halls.
 12295 | Orc:2    | Found Hibatron's Distillery.
 12297 | Orc:2    | Found Fugubi's Food Shoppe.
 12324 | Orc:2    | Received a gift from Okawaru
 12957 | Orc:2    | Got a transparent plate armour {god gift}
 12988 | Orc:2    | Identified the +3 plate armour of the Four Planets {*Drain
                  | MR++ Str+5} (Okawaru gifted it to you on level 2 of the
                  | Orcish Mines)
 13032 | Orc:2    | Bought 2 potions of heal wounds for 110 gold pieces
 13308 | Orc:2    | Noticed an orc high priest
 13316 | Orc:2    | Killed an orc high priest
 13356 | Orc:2    | Noticed an orc high priest
 13369 | Orc:2    | Killed an orc high priest
 13382 | Orc:2    | Reached skill level 5 in Throwing
 13402 | Orc:2    | Noticed an orc high priest
 13414 | Orc:2    | Killed an orc high priest
 13414 | Orc:2    | Reached XP level 13. HP: 83/118 MP: 16/16
 13640 | Orc:2    | Received a gift from Okawaru
 13739 | Orc:2    | Found Munisov's Antique Armour Shop.
 13739 | Orc:2    | Found a one-way gate leading to the halls of Pandemonium.
 13739 | Orc:2    | Found Ywowamel's Book Boutique.
 13923 | Orc:1    | Noticed Erolcha
 13944 | Orc:1    | Killed Erolcha
 13968 | Orc:1    | Found Wyxzyu's Antique Weapon Boutique.
 14192 | Elf:1    | Entered Level 1 of the Elven Halls
 14701 | Lair:1   | Entered Level 1 of the Lair of Beasts
 14881 | Lair:1   | Noticed Erica
 14888 | Lair:1   | Killed Erica
 15800 | Lair:2   | Found a staircase to the Swamp.
 15807 | Lair:2   | Received a gift from Okawaru
 16084 | Lair:2   | Received a gift from Okawaru
 16673 | Swamp:1  | Entered Level 1 of the Swamp
 16696 | Lair:3   | Noticed Rupert
 16765 | Lair:3   | Killed Rupert
 17059 | Lair:3   | Found a staircase to the Snake Pit.
 17193 | Lair:3   | Reached XP level 14. HP: 130/130 MP: 18/18
 17670 | Lair:4   | Found a gate leading to a gauntlet.
 17694 | Gauntlet | Entered a Gauntlet
 17694 | Gauntlet | Found a large runed translucent door.
 17694 | Gauntlet | Found a large runed translucent door.
 17694 | Gauntlet | Found a large runed translucent door.
 17694 | Gauntlet | Found a large runed translucent door.
 17694 | Gauntlet | Found a runed translucent door.
 17694 | Gauntlet | Found a large runed translucent door.
 17694 | Gauntlet | Found a large runed translucent door.
 17694 | Gauntlet | Found a transporter.
 17694 | Gauntlet | Found a transporter.
 17694 | Gauntlet | Found a large runed translucent door.
 17694 | Gauntlet | Found a large runed translucent door.
 17694 | Gauntlet | Found a runed translucent gate.
 17694 | Gauntlet | Found a runed translucent gate.
 17694 | Gauntlet | Found a transporter.
 17695 | Gauntlet | Found a transporter.
 17698 | Gauntlet | Found a transporter.
 17699 | Gauntlet | Found a runed translucent gate.
 17699 | Gauntlet | Found a runed translucent door.
 17703 | Gauntlet | Found a large runed translucent door.
 17703 | Gauntlet | Found a large runed translucent door.
 17720 | Gauntlet | Found a transporter.
 17743 | Gauntlet | Found a transporter.
 17745 | Gauntlet | Found a transporter.
 17762 | Gauntlet | Found a transporter.
 17780 | Gauntlet | Found a transporter.
 17788 | Gauntlet | Found a transporter.
 17806 | Gauntlet | Found a transporter.
 17830 | Gauntlet | Found a large runed translucent door.
 17830 | Gauntlet | Found a large runed translucent door.
 17831 | Gauntlet | Found a large runed translucent door.
 17831 | Gauntlet | Found a large runed translucent door.
 17832 | Gauntlet | Found a large runed translucent door.
 17832 | Gauntlet | Found a large runed translucent door.
 18072 | Gauntlet | Received a gift from Okawaru
 18246 | Gauntlet | Received a gift from Okawaru
 18634 | Lair:4   | Noticed Nessos
 18648 | Lair:4   | Killed Nessos
 19248 | Lair:5   | Received a gift from Okawaru
 19910 | Lair:6   | Entered Level 6 of the Lair of Beasts
 20176 | Lair:6   | Received a gift from Okawaru
 20465 | Lair:6   | Reached skill level 15 in Fighting
 20558 | Lair:6   | Received a gift from Okawaru
 20936 | Lair:6   | Received a gift from Okawaru
 20942 | Lair:6   | Received a gift from Okawaru
 21069 | Lair:6   | Reached XP level 15. HP: 141/141 MP: 20/20
 21307 | Lair:6   | Found a staircase to the Slime Pits.
 21630 | Orc:1    | Bought a book of Party Tricks for 650 gold pieces
 21630 | Orc:1    | Bought a book of Battle for 520 gold pieces
 21632 | Orc:1    | Learned a level 1 spell: Apportation
 21634 | Orc:1    | Learned a level 1 spell: Summon Butterflies
 21638 | Orc:1    | Learned a level 3 spell: Lesser Beckoning
 21642 | Orc:1    | Learned a level 3 spell: Regeneration
 21646 | Orc:1    | Learned a level 3 spell: Spectral Weapon
 21730 | D:9      | Killed Thantalas's ghost
 21897 | D:13     | Noticed Maurice
 21910 | D:13     | Killed Maurice
 22248 | D:13     | Noticed Sonja
 22371 | D:13     | Killed Sonja
 23326 | D:14     | Found a portal to a secret trove of treasure.
 23336 | D:14     | Reached skill level 1 in Charms
 23437 | D:14     | Reached skill level 1 in Necromancy
 23632 | D:14     | Found Urutam's Antique Armour Shop.
 23773 | D:14     | Reached skill level 1 in Spellcasting
 23776 | D:14     | Received a gift from Okawaru
 23777 | D:14     | Found the +5 robe of Night {Dark MR+ SInv}
 23798 | D:14     | Found a gate to the Vaults.
 24431 | D:15     | Entered Level 15 of the Dungeon
 24626 | D:15     | Reached skill level 15 in Dodging
 24683 | D:15     | Found a staircase to the Depths.
 25274 | D:15     | Found a shimmering blue altar of Sif Muna.
 26031 | Swamp:1  | Received a gift from Okawaru
 26203 | Swamp:1  | Received a gift from Okawaru
 26391 | Swamp:1  | Received a gift from Okawaru
 26663 | Swamp:1  | Found the +9 heavy crossbow "Sniper" {velocity, Acc+∞ SInv}
 26800 | Swamp:2  | Reached XP level 16. HP: 147/152 MP: 21/21
 27627 | Swamp:2  | Found a stormy altar of Qazlal.
 28365 | Swamp:3  | Noticed Kirke
 28384 | Swamp:3  | Noticed a sphinx
 28385 | Swamp:3  | Killed Kirke
 28687 | Swamp:4  | Entered Level 4 of the Swamp
 28758 | Swamp:4  | Received a gift from Okawaru
 28802 | Swamp:4  | Noticed Roxanne
 28819 | Swamp:4  | Killed Roxanne
 30310 | Swamp:4  | Received a gift from Okawaru
 30411 | Swamp:4  | Got a decaying rune of Zot
 30576 | Snake:1  | Entered Level 1 of the Snake Pit
 31649 | Snake:1  | Received a gift from Okawaru
 31652 | Snake:1  | Got a slimy great sword {god gift}
 31653 | Snake:1  | Identified the +10 great sword of Jycookk {drain, *Noise
                  | rPois rC++ Dex+4} (Okawaru gifted it to you on level 1 of
                  | the Snake Pit)
 32712 | Snake:2  | Reached skill level 5 in Necromancy
 33145 | Snake:3  | Received a gift from Okawaru
 33145 | Snake:3  | Reached XP level 17. HP: 132/161 MP: 22/22
 33268 | Snake:3  | Found Fuipoc's Book Boutique.
 33275 | Snake:3  | Found Abolaol's Assorted Antiques.
 33335 | Snake:3  | Received a gift from Okawaru
 33335 | Snake:3  | Reached skill level 15 in Long Blades
 33861 | Snake:4  | Entered Level 4 of the Snake Pit
 34140 | Snake:4  | Received a gift from Okawaru
 35857 | Snake:4  | Received a gift from Okawaru
 35942 | Snake:4  | Noticed Aizul
 35950 | Snake:4  | Killed Aizul
 36111 | Snake:4  | Received a gift from Okawaru
 36374 | Snake:4  | Noticed Vashnia
 36604 | Snake:3  | Killed Vashnia
 37546 | Snake:4  | Got a serpentine rune of Zot
 37565 | Snake:4  | Received a gift from Okawaru
 37918 | Snake:4  | Found Ritua's Distillery.
 38004 | Snake:4  | Bought a potion of heal wounds for 65 gold pieces
 38004 | Snake:4  | Bought 2 potions of invisibility for 208 gold pieces
 38051 | Snake:4  | Found an opulent altar of Gozag.
 38829 | Elf:1    | Reached XP level 18. HP: 157/169 MP: 23/23
 40138 | Elf:2    | Received a gift from Okawaru
 40181 | Elf:2    | Received a gift from Okawaru
 40181 | Elf:2    | Reached skill level 1 in Translocations
 40372 | Elf:2    | Found Ihenol's Armour Emporium.
 40531 | Elf:2    | Received a gift from Okawaru
 40542 | Elf:2    | Identified the +2 pair of boots of Gluttony {rN+ MR+}
                  | (Okawaru gifted it to you on level 2 of the Elven Halls)
 40790 | Elf:2    | Found a runed translucent door.
 40813 | Elf:2    | Found a runed translucent door.
 41021 | D:14     | Bought a transparent plate armour for 756 gold pieces
 41023 | D:14     | Identified the +1 plate armour "Guap" {rPois rC+} (You
                  | bought it in a shop on level 14 of the Dungeon)
 41489 | Elf:3    | Entered Level 3 of the Elven Halls
 42196 | Elf:3    | Reached skill level 5 in Spellcasting
 42238 | Elf:3    | Identified a scroll of acquirement
 42590 | Elf:3    | Received a gift from Okawaru
 42608 | Elf:3    | Identified the +0 crystal plate armour of Zozav {rPois MR-
                  | Str+8} (Okawaru gifted it to you on level 3 of the Elven
                  | Halls)
 43119 | Elf:3    | Reached XP level 19. HP: 178/178 MP: 25/25
 43135 | Elf:3    | Reached skill level 5 in Translocations
 43387 | Elf:3    | Received a gift from Okawaru
 43390 | Elf:3    | Got a shimmering hat {god gift}
 43391 | Elf:3    | Identified the +1 hat of Distant Worlds {rElec rCorr Int+2}
                  | (Okawaru gifted it to you on level 3 of the Elven Halls)
 43442 | Elf:3    | Reached skill level 15 in Armour
 43801 | Elf:3    | Got a pair of fine gloves
 43802 | Elf:3    | Identified the +1 pair of gloves of Jibit {*Corrode rC+
                  | Str+2} (You acquired it on level 3 of the Elven Halls)
 44624 | Vaults:1 | Entered Level 1 of the Vaults
 45162 | Vaults:1 | Received a gift from Okawaru
 45594 | Vaults:1 | Noticed a Brimstone Fiend
 45600 | Vaults:1 | Reached skill level 1 in Hexes
 45877 | Vaults:1 | Reached skill level 5 in Charms
 46223 | Vaults:2 | Received a gift from Okawaru
 46250 | Vaults:2 | Reached XP level 20. HP: 180/193 MP: 26/26
 46657 | Vaults:2 | Received a gift from Okawaru
 47038 | Vaults:2 | Received a gift from Okawaru
 47100 | Vaults:2 | Found a staircase to the Crypt.
 47854 | Vaults:3 | Noticed Sojobo
 47882 | Vaults:3 | Killed Sojobo
 47882 | Vaults:3 | Received a gift from Okawaru
 48011 | Vaults:3 | Found Dankene's Antique Armour Shop.
 48132 | Vaults:3 | Noticed Jory
 48137 | Vaults:3 | Noticed Mennas
 48142 | Vaults:3 | Killed Jory
 48165 | Vaults:3 | HP: 7/194 [Mennas/+5 eudemon blade of holy wrath (19)]
 48165 | Vaults:3 | Killed from afar by a fire dragon

Levels and vault maps discovered:
D:1:      wander_arrival_abandoned_jail, layout_basic, minmay_cut_off
D:2:      layout_basic, minivault_24, uniq_jessica
D:3:      minmay_evil_eye, layout_basic, nicolae_overflow_crystal_walls,
          first_ration, lemuel_tele_altar
D:4:      layout_loops_ring, zin_academy
D:5:      layout_basic, fedhas_altar_2, nicolae_ru_the_path_less_chosen,
          okawaru_altar_gauntlet_db
D:6:      layout_loops_ring, kiku_gazebo_garden_becter,
          minmay_temple_entry_butterflies
D:7:      layout_loops_corners, kennysheep_little_box
D:8:      layout_rooms, marbit_many_paths, grunt_lair_entry_orc_guard_hut
D:9:      layout_long_grid, gammafunk_ghost_necromancy, grunt_livestock,
          guppyfry_early_elven_hall
D:10:     layout_gridville, david_orc_3
D:11:     layout_small_grid, uniq_urug, uniq_snorg
D:12:     layout_loops_ring
D:13:     layout_loops_ring, uniq_maurice, uniq_sonja
D:14:     layout_roguey, lightli_vaults_fourway_checkpoint, roderic_lattice_a,
          serial_shops, shop, nicolae_trove_entry_crossroad
D:15:     hangedman_depths_entry_try_elsewhere_first, layout_rooms,
          lemuel_doored_altar
Temple:   minmay_freezing_vapour_temple
Lair:1:   layout_cave_pods, grunt_megastairs_1, serial_bayou_shore_a, uniq_erica
Lair:2:   layout_cave_pods, minmay_swamp_entry_reptiles,
          chequers_serial_rivers_small_3, grunt_megastairs_3
Lair:3:   layout_chaotic_city, minmay_snake_entry_six_corridors, uniq_rupert
Lair:4:   layout_regular_city, gauntlet_entry_generic, uniq_nessos
Lair:5:   layout_loops_ring, special_room [special_room_bee]
Lair:6:   grunt_lair_end_beastmaster, layout_cave_pods, slime_dummy,
          st_stairs_3, grunt_megastairs_4
Swamp:1:  layout_falls_marsh, infiniplex_staircase_pool
Swamp:2:  layout_falls_marsh, basic_altar, swamp_pool1,
          nicolae_swamp_feature_on_the_river_bank
Swamp:3:  layout_basic_swamp, hangedman_swamp_ruin_hall, uniq_kirke
Swamp:4:  swamp_icy, layout_basic_swamp, swamp_pool1, uniq_roxanne
Snake:1:  layout_chambers, drop_trap
Snake:2:  layout_misc_corridors, nicolae_snake_serpentine_hallways
Snake:3:  layout_grid_maze, st_stairs_7, drop_trap, nicolae_snake_squiggles,
          lemuel_fruit_tree, minmay_shoptagon, serial_bayou_shore_b
Snake:4:  snake_pit, layout_cave_town, serial_shops, shop_fountains,
          grunt_ministairs_9, serial_bayou_pond_e, lemuel_oklob_altar,
          uniq_aizul, uniq_vashnia
Orc:1:    layout_caves, basic_altar, serial_shops, shop, shop,
          nicolae_shop_waterfront, statue_in_the_mist_lemuel, uniq_erolcha
Orc:2:    pf_orc_diabolical, layout_caves
Elf:1:    minmay_elf_arrival_summoners, layout_loops_corners,
          hangedman_corner_corridor
Elf:2:    layout_gridlike, serial_shops, shop, drop_trap, item_on_display_a
Elf:3:    minmay_elf_hall_quartered_circle, layout_geoelf_octagon
Vaults:1: nicolae_vaults_border_crossing, nicolae_vaults_ninety_degrees,
          vaults_room_fancy_cross, v_misc_25, ontoclasm_vaults_gateway,
          hangedman_vaults_snaps, nicolae_vaults_network_periphery,
          vaults_room_large_hall, nicolae_vaults_network_star, v_misc_15,
          vaults_room_pools, vaults_room_hallway, vaults_dpeg_diagonal,
          ontoclasm_vaults_chip, layout_vaults_omnibox
Vaults:2: hangedman_vaults_unwind, blue_anna_dwarven_crypt,
          hangedman_vaults_slither, v_alt_pattern_5, v_misc_17,
          nicolae_vaults_an_arrangement, hangedman_vaults_trim,
          nicolae_vaults_little_ls, layout_vaults_chaotic_city
Vaults:3: ontoclasm_vaults_twist, special_room_vaults [special_room_orc],
          vaults_mumra_hexcomb, v_misc_2, vaults_dpeg_hooks,
          layout_vaults_omnicross, serial_shops, shop, uniq_jory, uniq_margery,
          uniq_sojobo, uniq_mennas

Skill      XL: |  1  2  3  4  5  6  7  8  9 10 11 12 13 14 15 16 17 18 19 20 |
---------------+-------------------------------------------------------------+-----
Long Blades    | 4 5 6 8 9 11 12 14 19 20 | 20.0
Fighting       | 3 4 5 6 8 9 10 12 13 15 16 17 19 20 | 20.8
Dodging        | 4 5 6 7 8 10 11 13 14 15 16 17 | 17.5
Armour         | 1 2 3 4 5 7 8 9 10 11 12 13 14 15 16 | 16.1
Invocations    | 1 2 4 6 7 8 |  8.0
Throwing       | 3 5 6 8 |  8.3
Charms         | 3 4 5 |  5.6
Necromancy     | 3 5 |  5.6
Spellcasting   | 2 4 5 |  5.0
Translocations | 4 7 8 |  8.3
Hexes          | 1 3 |  3.8

Action                   |  1- 3 |  4- 6 |  7- 9 | 10-12 | 13-15 | 16-18 | 19-21 || total
-------------------------+-------+-------+-------+-------+-------+-------+-------++-------
Melee: Long sword        |    47 |   114 |   261 |   160 |       |       |       ||   582
       Headbutt          |     7 |    25 |    78 |   172 |   316 |   357 |   235 ||  1190
       Demon blade       |       |       |       |   472 |  1035 |   848 |       ||  2355
       Rapier            |       |       |       |    12 |       |       |       ||    12
       Triple sword      |       |       |       |     2 |       |       |       ||     2
       Scimitar          |       |       |       |       |    41 |    52 |       ||    93
       Great sword       |       |       |       |       |       |   235 |   643 ||   878
Throw: Boomerang         |       |     3 |       |       |       |       |       ||     3
       Dart              |       |       |     8 |       |     1 |       |       ||     9
 Cast: Regeneration      |       |       |       |       |     1 |    33 |    51 ||    85
       Lesser Beckoning  |       |       |       |       |       |     1 |     1 ||     2
       Spectral Weapon   |       |       |       |       |       |       |     3 ||     3
 Abil: Evoke Berserk Rag |       |       |       |     1 |     2 |     1 |       ||     4
Evoke: Wand              |       |       |       |       |     4 |       |       ||     4
  Use: Scroll            |       |     6 |     9 |     6 |    10 |    11 |     4 ||    46
       Potion            |       |       |       |       |       |     2 |       ||     2
 Stab: Distracted        |       |       |       |       |     1 |     2 |       ||     3
       Petrified         |       |       |       |       |     8 |       |       ||     8
       Paralysed         |       |       |       |       |     8 |       |       ||     8
       Petrifying        |       |       |       |       |     2 |       |       ||     2
  Eat: Chunk             |     1 |     7 |    11 |    24 |    40 |    28 |    21 ||   132
       Ration            |       |       |       |       |     1 |     9 |     1 ||    11
Armor: Leather armour    |    12 |       |       |       |       |       |       ||    12
       Ring mail         |     1 |    37 |       |       |       |       |       ||    38
       Chain mail        |       |    16 |   134 |   172 |   105 |    40 |       ||   467
       Plate armour      |       |       |       |    35 |   249 |    98 |   304 ||   686
       Swamp dragon scal |       |       |       |       |       |   187 |       ||   187
       Troll leather arm |       |       |       |       |       |     3 |       ||     3
Dodge: Dodged            |    30 |    95 |   154 |   260 |   473 |   637 |   432 ||  2081
       Rpst.: Long sword |     8 |    27 |    40 |    20 |       |       |       ||    95
       Demon blade       |       |       |       |    25 |   102 |    64 |       ||   191
       Scimitar          |       |       |       |       |     6 |     6 |       ||    12
       Great sword       |       |       |       |       |       |    39 |    83 ||   122

Table legend:
 A = Non-vault XP
 B = Vault XP
 C = Vault XP percentage of total XP
 D = Non-vault monster count
 E = Vault monster count
 F = Vault count percentage of total count
                 A         B        C        D         E       F
            +---------+---------+-------+---------+---------+-------
      Total |  312408 |  239004 |  43.3 |     948 |     426 |  31.0
            +---------+---------+-------+---------+---------+-------
        D:1 |      19 |       1 |   5.0 |      10 |       1 |   9.1
        D:2 |     105 |      37 |  26.1 |      22 |       1 |   4.3
        D:3 |     600 |       8 |   1.3 |      30 |       4 |  11.8
        D:4 |     492 |       0 |   0.0 |      21 |       0 |   0.0
        D:5 |     367 |      12 |   3.2 |      17 |       6 |  26.1
        D:6 |     745 |       0 |   0.0 |      16 |       0 |   0.0
        D:7 |     750 |       0 |   0.0 |      11 |       0 |   0.0
        D:8 |    2343 |     989 |  29.7 |      31 |       7 |  18.4
        D:9 |    2002 |    2912 |  59.3 |      18 |      14 |  43.8
       D:10 |    4338 |     298 |   6.4 |      31 |       6 |  16.2
       D:11 |    4199 |    1976 |  32.0 |      46 |       2 |   4.2
       D:12 |    4850 |       0 |   0.0 |      34 |       0 |   0.0
       D:13 |    9396 |    2614 |  21.8 |      39 |       5 |  11.4
       D:14 |    5243 |    4183 |  44.4 |      28 |       8 |  22.2
       D:15 |    6605 |    4109 |  38.4 |      15 |       4 |  21.1
     Lair:1 |    1425 |    1607 |  53.0 |       4 |       7 |  63.6
     Lair:2 |    4260 |    1217 |  22.2 |      21 |       7 |  25.0
     Lair:3 |    3918 |    4131 |  51.3 |      14 |      11 |  44.0
     Lair:4 |    4054 |    1334 |  24.8 |      21 |       1 |   4.5
     Lair:5 |    3348 |    3868 |  53.6 |      16 |      29 |  64.4
     Lair:6 |    9532 |   10162 |  51.6 |      34 |      22 |  39.3
    Swamp:1 |   14294 |       0 |   0.0 |      30 |       0 |   0.0
    Swamp:2 |    8492 |       0 |   0.0 |      20 |       0 |   0.0
    Swamp:3 |    8568 |    2351 |  21.5 |      19 |       2 |   9.5
    Swamp:4 |    7231 |   10868 |  60.0 |      23 |      29 |  55.8
    Snake:1 |   13797 |       0 |   0.0 |      21 |       0 |   0.0
    Snake:2 |    8100 |       0 |   0.0 |      15 |       0 |   0.0
    Snake:3 |   19735 |    8552 |  30.2 |      36 |       7 |  16.3
    Snake:4 |    8747 |   35220 |  80.1 |      13 |      48 |  78.7
      Orc:1 |    1521 |    1133 |  42.7 |      21 |       2 |   8.7
      Orc:2 |    1628 |   16899 |  91.2 |      15 |      59 |  79.7
      Elf:1 |   21330 |    7373 |  25.7 |      34 |      14 |  29.2
      Elf:2 |   17820 |    5392 |  23.2 |      35 |       5 |  12.5
      Elf:3 |   25194 |   43062 |  63.1 |      42 |      26 |  38.2
   Vaults:1 |   43259 |   28930 |  40.1 |      79 |      37 |  31.9
   Vaults:2 |   19148 |   22781 |  54.3 |      30 |      40 |  57.1
   Vaults:3 |   24953 |   13074 |  34.4 |      36 |       6 |  14.3
   Gauntlet |       0 |    3911 | 100.0 |       0 |      16 | 100.0
            +---------+---------+-------+---------+---------+-------
